 Dungeon Crawl Stone Soup version 0.31-a0-840-g6d2ecbb638 (webtiles) character file.

Game seed: 4634393904888084871

196 BinkBink the Shooter (level 5, -8/28 HPs)
             Began as a Spriggan Hunter on Sept 27, 2023.
             Killed by divine providence
             ... invoked by an orc priest
              (14 damage)
             ... on level 3 of the Dungeon.
             The game lasted 00:07:33 (2265 turns).

BinkBink the Shooter (Spriggan Hunter)              Turns: 2265, Time: 00:07:34

Health: -8/28      AC:  3    Str:  5    XL:     5   Next: 45%
Magic:  6/6        EV: 18    Int: 14    God:
Gold:   121        SH:  5    Dex: 23    Spells: 4/4 levels left

rFire   . . .        a - +0 shortbow
rCold   . . .        (shield currently unavailable)
rNeg    . . .        c - +1 robe
rPois   .            (helmet restricted)
rElec   .            (no cloak)
rCorr   .            (gloves unavailable)
SInv    +            (boots unavailable)
Will    .....        g - amulet of reflection
Stlth   ++           (no ring)
HPRegen 0.24/turn    (no ring)
MPRegen 0.10/turn

%: reflection
@: very quick
A: very small, no large weapons, unfitting armour, see invisible, speed 3, agile
1, clever 1
a: no special abilities


You were on level 3 of the Dungeon.
You visited 1 branch of the dungeon, and saw 5 of its levels.

You collected 121 gold pieces.

Inventory:

Hand Weapons
 a - a +0 shortbow (weapon)
Armour
 c - a +1 robe (worn)
Jewellery
 g - an amulet of reflection (around neck)
 k - a ring of positive energy
Scrolls
 b - a scroll of butterflies
 e - a scroll of enchant armour
 h - a scroll of torment
 i - a scroll of poison
Potions
 d - 5 potions of curing
 f - a potion of brilliance
 j - a potion of magic {unknown}


   Skills:
 + Level 3.5 Fighting
 + Level 5.5 Ranged Weapons
 - Level 2.6 Dodging
 - Level 1.5 Stealth


You had 4 spell levels left.
You didn't know any spells.
Your spell library was empty.

Dungeon Overview and Level Annotations

Branches:
Dungeon (5/15)
 Temple: D:4-7

Altars:


Innate Abilities, Weirdness & Mutations

You are very small and have problems with some larger weapons.
You are too small for most types of armour.
You have supernaturally acute eyesight. (SInv)
You cover ground extremely quickly. (Speed+++)
You are agile. (Dex +4, Str/Int -1)
Your mind is acute. (Int +4, Str/Dex -1)


Message History

Aim: an orc priest, wielding a +0 dagger and wearing a +0 chain mail (moderately wounded, 72% to hit)
You shoot an arrow. The arrow hits the orc priest.
The orc priest is heavily wounded.
Fire: a) +0 shortbow
Press: ? - help, Q - select action Shift-Dir - straight line, f/p - orc priest
Aim: an orc priest, wielding a +0 dagger and wearing a +0 chain mail (heavily wounded, 72% to hit)
You shoot an arrow.
The arrow closely misses the orc priest.
Fire: a) +0 shortbow
Press: ? - help, Q - select action Shift-Dir - straight line, f/p - orc priest
Aim: an orc priest, wielding a +0 dagger and wearing a +0 chain mail (heavily wounded, 72% to hit)
You shoot an arrow. The arrow barely misses the orc priest.
Unknown command.
Fire: a) +0 shortbow
Press: ? - help, Q - select action Shift-Dir - straight line, f/p - orc priest
Aim: an orc priest, wielding a +0 dagger and wearing a +0 chain mail (heavily wounded, 72% to hit)
You shoot an arrow.
The arrow hits the orc priest but does no damage.
The orc priest is heavily wounded.
Fire: a) +0 shortbow
Press: ? - help, Q - select action Shift-Dir - straight line, f/p - orc priest
Aim: an orc priest, wielding a +0 dagger and wearing a +0 chain mail (heavily wounded, 72% to hit)
You shoot an arrow. The arrow hits the orc priest.
The orc priest is heavily wounded.
The orc priest calls down the wrath of Beogh upon you.
Pain shoots through your body!
* * * LOW HITPOINT WARNING * * *
The orc priest looks encouraged for a moment.
Fire: a) +0 shortbow
Press: ? - help, Q - select action Shift-Dir - straight line, f/p - orc priest
Aim: an orc priest, wielding a +0 dagger and wearing a +0 chain mail (heavily wounded, 72% to hit)
Okay, then.
The orc priest invokes the aid of Beogh against you.
Pain shoots through your body!
* * * LOW HITPOINT WARNING * * *
There is an escape hatch in the ceiling here.
The orc priest mumbles some strange prayers to Beogh against you.
Beogh smites you!
Ouch! That really hurt!
You die...

#. #...................#
#.######.....).....##.######
####..................##.#
..........†............#.#
.)))....o....##o..####.#.#
.............##...# #...#
.............##...# ###.#
....#........##...# #.# ...
###########@..# #># .. #...#
#.# . ##### #.# #.# #.# #.#
#.# #.# #.#


You could see an orc priest.

Vanquished Creatures
  Terence (D:3)
  8 gnolls
  4 adders
  A worm (D:2)
  A dart slug (D:1)
  3 orcs (D:3)
  5 ball pythons
  6 endoplasms
  4 giant cockroaches
  A hobgoblin (D:2)
  4 kobolds
  2 quokkas (D:1)
  2 bats (D:1)
  2 frilled lizards (D:1)
  3 goblins
  6 rats
53 creatures vanquished.

Notes
Turn   | Place    | Note
-------+----------+-------------------------------------------
     0 | D:1      | BinkBink the Spriggan Hunter began the quest for the Orb.
     0 | D:1      | Reached XP level 1. HP: 10/10 MP: 2/2
   150 | D:1      | Reached XP level 2. HP: 15/15 MP: 3/3
   369 | D:1      | Reached XP level 3. HP: 19/19 MP: 4/4
  1018 | D:2      | Reached XP level 4. HP: 23/23 MP: 5/5
  1046 | D:2      | Reached skill level 5 in Ranged Weapons
  1298 | D:2      | Reached XP level 5. HP: 21/28 MP: 6/6
  1390 | D:2      | Gained mutation: Your mind is acute. (Int +4, Str/Dex -1)
                  | [potion of mutation]
  1390 | D:2      | Gained mutation: You are agile. (Dex +4, Str/Int -1)
                  | [potion of mutation]
  1484 | D:3      | You fall into a shaft and drop 2 floors!
  1484 | D:5      | Entered Level 5 of the Dungeon
  1695 | D:3      | Noticed Terence
  1722 | D:3      | Killed Terence
  2265 | D:3      | Killed from afar by an orc priest

Illustrated notes

Levels and vault maps discovered:
D:1:      dpeg_arrival_prison, layout_rooms
D:2:      layout_basic
D:3:      layout_basic, uniq_terence
D:4:      layout_gridville, cheibrodos_sewer_entry_bend, kennysheep_diamond
D:5:      layout_loops_cross, serial_shops, nicolae_shop_tiny_statue_garden,
          uniq_pikel

Skill      XL: |  1  2  3  4 |
---------------+-------------+-----
Fighting       | 2 3 |  3.5
Ranged Weapons | 5 |  5.5
Dodging        | |  2.6
Stealth        | |  1.5

Action                     |  1- 3 |  4- 6 || total
---------------------------+-------+-------++-------
   Fire: Shortbow          |   111 |    92 ||   203
    Use: Scroll            |     2 |     4 ||     6
         Potion            |       |     1 ||     1
 Armour: Robe              |    12 |    10 ||    22
  Dodge: Dodged            |    23 |     5 ||    28
  Block: Other             |       |     4 ||     4

Table legend: (Time is in decaauts)
 A = Elapsed time spent in this place.
 B = Non-inter-level travel time spent in this place.
 C = Inter-level travel time spent in this place.
 D = Time resting spent in this place.
 E = Time spent auto-exploring this place.
 F = Levels seen in this place.
 G = Mean time per level.
                   A        B        C        D        E       F      G
               +--------+--------+--------+--------+--------+-----+--------+
         Total |   1584 |   1539 |     45 |      0 |   1056 |   5 |  316.8 |
       Dungeon |   1584 |   1539 |     45 |      0 |   1056 |   5 |  316.8 |
               +--------+--------+--------+--------+--------+-----+--------+

Top non-repeatable levels by time:
     D:2: 608 daAuts
     D:3: 562 daAuts
     D:1: 385 daAuts
     D:4: 18 daAuts
     D:5: 9 daAuts
